 Dungeon Crawl Stone Soup version 0.27-a0-1513-g2aaa0cc67b (webtiles) character file.

Game seed: 16549819054573380310

3533 pokeman the Thaumaturge (level 9, 0/51 HPs)
             Began as a Deep Elf Hedge Wizard on July 9, 2021.
             Was an Initiate of Vehumet.
             Slain by a seven-headed hydra (13 damage)
             ... on level 6 of the Dungeon.
             The game lasted 00:22:13 (9300 turns).

pokeman the Thaumaturge (Deep Elf Hedge Wizard)     Turns: 9300, Time: 00:22:13

Health: 0/51       AC:  4    Str:  7    XL:     9   Next: 82%
Magic:  10/27      EV: 12    Int: 23    God:    Vehumet [......]
Gold:   271        SH:  0    Dex: 14    Spells: 21/32 levels left

rFire    . . .     SeeInvis .   r - +2 flail (venom)
rCold    . . .     Faith    .   (no shield)
rNeg     . . .     Spirit   .   o - +0 leather armour
rPois    .         Reflect  .   i - +0 helmet
rElec    .         Harm     .   (no cloak)
rCorr    .         Rampage  .   (no gloves)
Will     .....                  (no boots)
Stlth    ++........             (no amulet)
HPRegen  0.17/turn              y - ring of wizardry
MPRegen  0.20/turn              (no ring)

@: no status effects
A: no striking features
a: Renounce Religion


You were on level 6 of the Dungeon.
You worshipped Vehumet.
Vehumet was noncommittal.
You visited 2 branches of the dungeon, and saw 8 of its levels.
You also visited: Ossuary.

You collected 271 gold pieces.

Inventory:

Hand Weapons
 r - a +2 flail of venom (weapon)
Missiles
 h - 4 curare-tipped darts
 n - 28 bolts
 q - 24 arrows
Armour
 i - a +0 helmet (worn)
 o - a +0 leather armour (worn)
Magical Staves
 s - a staff of air
Jewellery
 b - an amulet of faith
 y - a ring of wizardry (left hand)
Scrolls
 e - 4 scrolls of teleportation {unknown}
 f - a scroll of acquirement {unknown}
 g - 5 scrolls of identify {unknown}
 j - 3 scrolls of enchant armour {unknown}
 u - a scroll of fear {unknown}
 x - a scroll of immolation {unknown}
 A - a scroll of magic mapping {unknown}
 C - a scroll of fog {unknown}
Potions
 a - 5 potions of heal wounds {unknown}
 c - a potion of cancellation {unknown}
 d - 4 potions of curing {unknown}
 k - 3 potions of berserk rage {unknown}
 l - 4 potions of attraction {unknown}
 m - 2 potions of flight {unknown}
 p - a potion of ambrosia {unknown}
 t - a potion of resistance
 v - 2 potions of mutation {unknown}
 w - a potion of brilliance {unknown}
 z - 2 potions of degeneration {unknown}
 B - a potion of haste {unknown}


   Skills:
 + Level 3.6 Fighting
 - Level 3.0 Armour
 - Level 3.0 Dodging
 - Level 3.1 Stealth
 * Level 12.1 Spellcasting
 + Level 6.8 Conjurations
 - Level 1.1 Summonings
 - Level 1.1 Translocations
 + Level 6.1 Fire Magic
 - Level 1.0 Air Magic
 - Level 1.1 Poison Magic
 - Level 1.2 Evocations


You had 21 spell levels left.
You knew the following spells:

 Your Spells              Type           Power      Damage    Failure   Level
a - Magic Dart            Conj           100%       1d8       1%          1
b - Mephitic Cloud        Conj/Pois/Air  27%        N/A       2%          3
c - Call Imp              Summ           19%        N/A       2%          2
d - Blink                 Tloc           N/A        N/A       2%          2
e - Conjure Flame         Conj/Fire      43%        6-21      1%          3

Your spell library contained the following spells:

 Spells                   Type           Power      Damage    Failure   Level
 Searing Ray              Conj           90%        3d6       1%          2
 Dazzling Flash           Conj/Hex       58%        N/A       1%          3
 Sting                    Tmut/Pois      64%        1d6       2%          1
 Poisonous Vapours        Pois/Air       38%        N/A       2%          2
 Ensorcelled Hibernation  Hex/Ice        26%        N/A       4%          2
 Slow                     Hex            13%        N/A       4%          2
 Spider Form              Tmut/Pois      8%         N/A       6%          3
 Fulminant Prism          Conj/Hex       14%        3d9       6%          4
 Olgreb's Toxic Radiance  Pois           19%        N/A       16%         4
 Silence                  Hex/Air        8%         N/A       50%         5
 Agony                    Necr           13%        N/A       56%         5
 Shadow Creatures         Summ           N/A        N/A       92%         6


Dungeon Overview and Level Annotations

Branches:
Dungeon (7/15)             Temple (1/1) D:6         Ossuary (visited)

Altars:
Cheibriados
Dithmenos
Fedhas
Gozag
Hepliaklqana
Kikubaaqudgha
Nemelex Xobeh
Okawaru
Qazlal
Ru
Vehumet
Wu Jian
Xom
Yredelemnul
Zin

Annotations:
D:3 2 transporters, blackman's ghost, weakling HuMo


Message History

Unknown command.
Casting: Magic Dart (safe; 1% risk of failure)
Confirm with . or Enter, or press ? or * to list all spells.
The fire begins to smoulder!
An orc wizard appears from thin air!
Reactivating autopickup.
An orc comes into view. It is wielding a +0 morningstar.
The orc wizard completely misses you.
The orc wizard hits you but does no damage.
The fire ignites!
Casting: Conjure Flame (safe; 1% risk of failure)
Confirm with . or Enter, or press ? or * to list all spells.
The fire begins to smoulder!
Unknown command.
The fire ignites!
Casting: Conjure Flame (safe; 1% risk of failure)
Confirm with . or Enter, or press ? or * to list all spells.
The fire begins to smoulder!
The orc shouts!
The orc wizard is engulfed in blazing flames.
You kill the orc wizard!
Vehumet accepts your kill.
The fire ignites!
Casting: Conjure Flame (safe; 1% risk of failure)
Confirm with . or Enter, or press ? or * to list all spells.
A beastly little devil appears in a puff of frigid air.
The seven-headed hydra is engulfed in blazing flames.
The seven-headed hydra bites your white imp.
The seven-headed hydra barely misses your white imp.
The seven-headed hydra bites your white imp.
The seven-headed hydra misses your white imp.
The seven-headed hydra bites your white imp!
Your white imp dies!
Casting: Call Imp (safe; 2% risk of failure)
Confirm with . or Enter, or press ? or * to list all spells.
A beastly little devil appears in a puff of frigid air.
The seven-headed hydra is engulfed in blazing flames. x2
The seven-headed hydra bites you! x3
* * * LOW HITPOINT WARNING * * *
The seven-headed hydra misses you. The seven-headed hydra bites you!
You die...

#....#
#....#
#....#
#....#
#.o..#
#)####
#ยงยง.8#
#D.5.#
#@...#
#....#
#....######
#....'....#
#....#....#
#....#....#
#8...#...)#
#########'#
#....#


You could see a seven-headed hydra (ally target), an orc and a friendly white
imp (summoned).

Vanquished Creatures
  A two-headed ogre (D:7)
  Sigmund (D:5)
  A wyvern (D:6)
  Edmund (D:4)
  A black bear (D:6)
  3 sky beasts
  A necrophage (D:5)
  2 ogres
  A phantom (D:5)
  9 scorpions
  A wyvern zombie (D:6)
  2 jellies
  2 water moccasin skeletons
  A wight (D:6)
  A bullfrog zombie (D:6)
  3 centaur zombies (Ossuary)
  3 human zombies (Ossuary)
  A bullfrog skeleton (D:6)
  A hound (D:5)
  3 orc priests
  3 iguanas
  Jessica (D:2)
  Terence (D:3)
  6 orc wizards
  3 scorpion zombies (Ossuary)
  3 killer bee zombies (D:6)
  3 mummies (Ossuary)
  A howler monkey zombie (D:7)
  8 adders
  2 adder skeletons (D:4)
  A worm (D:2)
  3 dart slugs
  18 orcs
  8 bats
  8 endoplasms
  2 giant cockroaches
  3 gnoll zombies (Ossuary)
  5 goblins
  9 hobgoblins
  4 jackals (D:2)
  3 quokkas
  4 ball pythons
  10 frilled lizards
  2 goblin zombies (Ossuary)
  3 hobgoblin zombies (Ossuary)
  9 kobolds
  2 kobold zombies (Ossuary)
  15 rats
179 creatures vanquished.

Vanquished Creatures (collateral kills)
  A scorpion (D:5)
  A hound (D:5)
2 creatures vanquished.

Vanquished Creatures (others)
  An orc wizard (D:6)
  A plant (D:2)
2 creatures vanquished.

Grand Total: 183 creatures vanquished

Notes
Turn   | Place    | Note
-------+----------+-------------------------------------------
     0 | D:1      | pokeman the Deep Elf Hedge Wizard began the quest for the
                  | Orb.
     0 | D:1      | Reached XP level 1. HP: 10/10 MP: 7/7
   263 | D:1      | Found a faded altar of an unknown god.
   266 | D:1      | Reached XP level 2. HP: 15/15 MP: 6/9
   654 | D:1      | Reached skill level 5 in Spellcasting
   754 | D:1      | Reached XP level 3. HP: 20/20 MP: 5/11
   758 | D:1      | Learned a level 3 spell: Mephitic Cloud
   761 | D:1      | Learned a level 2 spell: Call Imp
   764 | D:1      | Learned a level 2 spell: Blink
   768 | D:1      | Learned a level 3 spell: Conjure Flame
  1204 | D:2      | Reached skill level 1 in Armour
  1421 | D:2      | Noticed Jessica
  1426 | D:2      | Killed Jessica
  1427 | D:2      | Reached skill level 1 in Fighting
  1427 | D:2      | Reached XP level 4. HP: 21/25 MP: 6/13
  2295 | D:2      | Reached skill level 1 in Fire Magic
  2300 | D:2      | Reached skill level 6 in Spellcasting
  2439 | D:2      | Reached XP level 5. HP: 29/29 MP: 8/15
  2571 | D:3      | Found a transporter.
  2573 | D:3      | Noticed a water moccasin
  2577 | D:3      | Noticed blackman's ghost (weakling HuMo)
  2638 | D:3      | Noticed Terence
  2655 | D:3      | Killed Terence
  3035 | D:3      | Found a shadowy altar of Dithmenos.
  3361 | D:3      | Found a transporter.
  3725 | D:4      | Reached skill level 1 in Air Magic
  3725 | D:4      | Reached XP level 6. HP: 34/34 MP: 14/17
  3861 | D:4      | Found a blossoming altar of Fedhas.
  3968 | D:4      | Reached skill level 7 in Spellcasting
  3968 | D:4      | Reached skill level 1 in Poison Magic
  4433 | D:4      | Noticed Edmund
  4449 | D:4      | Killed Edmund
  4751 | D:5      | Entered Level 5 of the Dungeon
  4773 | D:5      | Noticed a sky beast
  4787 | D:5      | Killed a sky beast
  4788 | D:5      | Reached XP level 7. HP: 21/40 MP: 12/20
  4812 | D:5      | Reached skill level 8 in Spellcasting
  5217 | D:5      | Found a stormy altar of Qazlal.
  5284 | D:5      | Noticed Sigmund
  5590 | D:5      | Reached XP level 8. HP: 30/44 MP: 15/22
  5810 | D:5      | Found a transporter.
  5827 | D:5      | Reached skill level 9 in Spellcasting
  5832 | D:5      | Killed Sigmund
  5833 | D:5      | Reached skill level 1 in Evocations
  5958 | D:5      | Found a transporter.
  6836 | D:6      | Found a sand-covered staircase.
  6842 | Ossuary  | Entered an ossuary
  6926 | Ossuary  | Reached skill level 5 in Conjurations
  7027 | Ossuary  | Reached skill level 10 in Spellcasting
  7363 | Ossuary  | Reached XP level 9. HP: 25/48 MP: 15/25
  8266 | D:6      | Reached skill level 5 in Fire Magic
  8277 | D:6      | Reached skill level 11 in Spellcasting
  8422 | D:6      | Found a staircase to the Ecumenical Temple.
  8453 | Temple   | Entered the Ecumenical Temple
  8573 | Temple   | Became a worshipper of Vehumet
  8996 | D:7      | Noticed a two-headed ogre
  9030 | D:7      | Killed a two-headed ogre
  9031 | D:7      | Reached skill level 12 in Spellcasting
  9291 | D:6      | Noticed a seven-headed hydra
  9300 | D:6      | Slain by a seven-headed hydra

Illustrated notes

Levels and vault maps discovered:
D:1:      mrwooster_arrival_statue_3, layout_basic,
          dreamdust_ecumenical_altar_angels_and_demons, minmay_tetromino_i4
D:2:      minmay_razor_zed, layout_loops_ring, hangedman_decor_lopped,
          chequers_arboretum, serial_bayou_pond_c, uniq_jessica
D:3:      layout_loops_ring, nicolae_dithmenos_through_a_glass_darkly,
          gammafunk_ghost_arena, uniq_terence
D:4:      layout_gridville, kennysheep_little_box, uniq_edmund
D:5:      gammafunk_cloud_chamber, layout_basic,
          nicolae_qazlal_general_emergency, serial_co_window_serial,
          co_window_corner_a, co_window_of_opportunity_a, co_window_paths_b,
          co_window_paths_b, co_window_cross_1, co_window_paths_a,
          co_window_of_opportunity_a, co_window_cross_4, co_window_2corner,
          co_window_paths_c, co_window_broadway_b, co_window_corner_b,
          uniq_sigmund
D:6:      minmay_klotski, layout_basic, minmay_temple_entry_water_ring,
          nicolae_ossuary_entry_monument
D:7:      cheibrodos_shockbox, layout_loops_ring, roderic_roman_lattice
Temple:   hc_temple_tempest_star

Skill      XL: |  1  2  3  4  5  6  7  8  9 |
---------------+----------------------------+-----
Spellcasting   | 5 6 7 8 10 12 | 12.1
Armour         | 1 2 3 |  3.0
Fighting       | 1 2 3 |  3.6
Conjurations   | 2 3 4 5 6 |  6.8
Fire Magic     | 1 2 3 4 6 |  6.1
Dodging        | 3 |  3.0
Stealth        | 3 |  3.1
Air Magic      | 1 |  1.0
Poison Magic   | 1 |  1.1
Evocations     | 1 |  1.2
Summonings     | |  1.1
Translocations | |  1.1

Action                   |  1- 3 |  4- 6 |  7- 9 || total
-------------------------+-------+-------+-------++-------
Melee: Spear             |     2 |    30 |       ||    32
       Flail             |       |     2 |    66 ||    68
 Cast: Magic Dart        |    97 |   151 |   165 ||   413
       Mephitic Cloud    |       |     5 |    19 ||    24
       Conjure Flame     |       |     5 |    32 ||    37
       Call Imp          |       |       |    10 ||    10
       Blink             |       |       |     4 ||     4
 Stab: Sleeping          |       |     2 |       ||     2
       Confused          |       |     2 |     3 ||     5
Armor: Robe              |     4 |     2 |       ||     6
       Leather armour    |       |     8 |    23 ||    31
Dodge: Dodged            |    13 |    19 |    72 ||   104

Table legend: (Time is in decaauts)
 A = Elapsed time spent in this place.
 B = Non-inter-level travel time spent in this place.
 C = Inter-level travel time spent in this place.
 D = Time resting spent in this place.
 E = Time spent auto-exploring this place.
 F = Levels seen in this place.
 G = Mean time per level.
                   A        B        C        D        E       F      G
               +--------+--------+--------+--------+--------+-----+--------+
         Total |   9341 |   9119 |    222 |    541 |   7113 |   9 | 1037.9 |
       Dungeon |   8049 |   7839 |    210 |    380 |   6271 |   7 | 1149.9 |
        Temple |    133 |    121 |     12 |      0 |    112 |   1 |  133.0 |
       Ossuary |   1157 |   1157 |      0 |    161 |    730 |   1 | 1157.0 |
               +--------+--------+--------+--------+--------+-----+--------+

Top non-repeatable levels by time:
     D:5: 2003 daAuts
     D:2: 1390 daAuts
     D:4: 1266 daAuts
     D:1: 1171 daAuts
 Ossuary: 1157 daAuts
     D:6: 1039 daAuts
     D:3: 933 daAuts
     D:7: 245 daAuts
  Temple: 133 daAuts
